 Dungeon Crawl Stone Soup version 0.30-a0-778-g2ef04afb54 (webtiles) character file.

Game seed: 13031270457985590221

72 valliere the Insei (level 4, -5/28 HPs)
             Began as an Octopode Transmuter on Feb 15, 2023.
             Killed from afar by Natasha (15 damage)
             ... with a bolt of light
             ... on level 2 of the Dungeon.
             The game lasted 00:02:50 (1885 turns).

valliere the Insei (Octopode Transmuter)            Turns: 1885, Time: 00:02:51

Health: -5/28      AC:  1    Str: 11    XL:     4   Next: 25%
Magic:  15/16      EV: 13    Int: 15    God:
Gold:   45         SH:  0    Dex: 12    Spells: 6/7 levels left

rFire   . . .      SeeInvis .      - Unarmed
rCold   . . .      Faith    .    (no shield)
rNeg    . . .      Spirit   .    (helmet currently unavailable)
rPois   .          Reflect  .    (no amulet)
rElec   .          Harm     .    j - ring of magical power
rCorr   .          Rampage  .    (no ring)
Will    .....                    (no ring)
Stlth   +++                      (no ring)
HPRegen 0.24/turn                (no ring)
MPRegen 0.15/turn                (no ring)
                                 (no ring)
                                 (no ring)

@: appendages
A: tentacle spike 3, almost no armour, amphibious, 8 rings, camouflage 1,
gelatinous body 1, (nimble swimmer 1), tentacles
a: End Transformation


You were on level 2 of the Dungeon.
One of your tentacles had grown a beastly spike.
You visited 1 branch of the dungeon, and saw 2 of its levels.

You collected 45 gold pieces.

Inventory:

Jewellery
 j - a ring of magical power (left tentacle)
Scrolls
 b - a scroll of amnesia {unknown}
 d - a scroll of blinking {unknown}
 e - a scroll of vulnerability {unknown}
 g - a scroll of identify {unknown}
 h - a scroll of torment {unknown}
Potions
 a - a potion of lignification
 c - a potion of berserk rage {unknown}
 f - a potion of flight {unknown}
 i - a potion of curing {unknown}
 k - a potion of cancellation {unknown}


   Skills:
 + Level 1.4 Fighting
 + Level 2.4 Dodging
 + Level 1.4 Stealth
 * Level 3.6 Unarmed Combat
 + Level 2.2 Spellcasting
 * Level 2.7 Transmutations


You had 6 spell levels left.
You knew the following spells:

 Your Spells              Type           Power      Damage    Failure   Level
a - Beastly Appendage     Tmut           20%        N/A       7%          1

Your spell library contained the following spells:

 Spells                   Type           Power      Damage    Failure   Level
 Wereblood                Tmut           10%        N/A       11%         2
 Cigotuvi's Dreadful Rot  Necr/Pois/Air  2%         N/A       32%         2
 Poisonous Vapours        Pois/Air       2%         N/A       32%         2
 Spider Form              Tmut/Pois      5%         N/A       36%         3
 Mephitic Cloud           Conj/Pois/Air  1%         N/A       54%         3
 Stone Arrow              Conj/Erth      2%         3d7       54%         3
 Ice Form                 Ice/Tmut       5%         N/A       77%         4
 Lehudib's Crystal Spear  Conj/Erth      0%         10d2      100%        8
 Animate Armour           Summ/Erth      Unusable   N/A       N/A         4

Dungeon Overview and Level Annotations

Branches:
Dungeon (2/15)

Altars:

Shops:
D:2 :

Annotations:
D:2 Natasha


Innate Abilities, Weirdness & Mutations

One of your tentacles has grown a beastly spike.
You cannot wear most types of armour.
You are amphibious.
You can wear up to eight rings at the same time.
Your skin changes colour to match your surroundings (Stealth+).
Your rubbery body absorbs attacks. (AC +1, EV +1)
((You are camouflaged when in or above water. (Stealth+)))
You have tentacles for arms and can constrict up to eight enemies at once.


Message History

A bat comes into view.
A bat is nearby!
Your tentacle spike disappears.
You miscast Beastly Appendage.
You are very lightly contaminated with residual magic.
Nothing appears to happen.
The helpless bat fails to defend itself.
You bludgeon the bat!
You kill the bat!
No target in view!
Your magical contamination has completely faded away.
Found a stone staircase leading up.
Natasha, Servant of Life and Death comes into view.
She is carrying a wand of light (8).
There is a stone staircase leading up here.
One of your tentacles grows a vicious spike.
You tentacle-slap Natasha. Your grab misses Natasha.
You pierce Natasha.
Natasha is heavily wounded.
Natasha claws you.
You bludgeon Natasha!
You kill Natasha!
Natasha growls in agony!
You have reached level 4!
Your transformation is almost over.
Your tentacle spike disappears.
You see here the felid corpse of Natasha.
Natasha, Servant of Life and Death comes into view.
She is carrying a wand of light (8).
One of your tentacles grows a vicious spike.
You extend your transformation's duration.
Natasha claws you!
You tentacle-slap Natasha. Your grab misses Natasha.
Natasha is moderately wounded.
Natasha casts a spell at you. The magic dart hits you!
You are too injured to fight recklessly!
You are too injured to fight recklessly!
You barely miss Natasha. Your grab misses Natasha.
You pierce Natasha.
Natasha is heavily wounded.
Natasha zaps a wand.
The bolt of light hits you!
Ouch! That really hurt!
You die...

#.#....................#.........
#.#..####.#####..........#.######
#.........# #.######...#.#
###..###### #.# #...#.# #..# #.#
#...#.# ###..# #.# ##...#.#####
.....# #.# ##..........#
.....##########.####.....#####.#
................@.....#..# ##.##
.##.########.##h###...#..# #...#
.##.# #.#........#..# #.#.. .##.#
#.#...........####...# .##.#
#)#................... ###.#
#†............####.>.# #.#
#..#.........## ##.## ###.
##...###...#######...# .... ##.##
#..............


You could see Natasha.

Vanquished Creatures
  Natasha (D:2)
  2 worms (D:2)
  2 dart slugs (D:1)
  An endoplasm (D:2)
  A giant cockroach (D:2)
  6 goblins
  4 hobgoblins
  5 kobolds
  3 quokkas
  2 ball pythons (D:1)
  4 bats
  A frilled lizard (D:2)
32 creatures vanquished.

Notes
Turn   | Place    | Note
-------+----------+-------------------------------------------
     0 | D:1      | valliere the Octopode Transmuter began the quest for the
                  | Orb.
     0 | D:1      | Reached XP level 1. HP: 13/13 MP: 3/3
   228 | D:1      | Found a faded altar of an unknown god.
   248 | D:1      | Reached XP level 2. HP: 18/18 MP: 5/5
  1341 | D:2      | Found Kamurgho's Book Boutique.
  1348 | D:2      | Reached XP level 3. HP: 23/23 MP: 4/6
  1488 | D:2      | Reached skill level 1 in Stealth
  1831 | D:2      | Noticed Natasha
  1835 | D:2      | Killed Natasha
  1836 | D:2      | Reached XP level 4. HP: 22/28 MP: 7/7
  1874 | D:2      | Noticed Natasha
  1885 | D:2      | Killed from afar by Natasha

Illustrated notes

Levels and vault maps discovered:
D:1:      minmay_arrival_jagged, layout_basic,
          hellmonk_ecumenical_altar_blasted, serial_forest,
          infiniplex_forest_clump_long, infiniplex_forest_fountain,
          infiniplex_forest_straight_2, infiniplex_forest_corner_2,
          infiniplex_forest_clump_C, infiniplex_forest_clump_small,
          infiniplex_forest_straight_3, infiniplex_forest_clump_medium,
          kennysheep_small_spiral, corexii_corridor_pit, item_on_display_a
D:2:      layout_loops_ring, serial_shops, shop_fountains, uniq_natasha

Skill      XL: |  1  2  3 |
---------------+----------+-----
Stealth        | 1 |  1.4
Fighting       | |  1.4
Dodging        | |  2.4
Unarmed Combat | |  3.6
Spellcasting   | |  2.2
Transmutations | |  2.7

Action                     |  1- 3 |  4- 6 || total
---------------------------+-------+-------++-------
  Melee: Unarmed           |    69 |     2 ||    71
         Constrict         |    19 |       ||    19
         Tentacles         |    10 |       ||    10
         Kick              |    19 |     1 ||    20
         Punch             |     2 |       ||     2
   Cast: Beastly Appendage |    24 |     2 ||    26
   Stab: Sleeping          |     7 |       ||     7
 Armour: Skin              |     3 |       ||     3
  Dodge: Dodged            |    31 |       ||    31

Table legend: (Time is in decaauts)
 A = Elapsed time spent in this place.
 B = Non-inter-level travel time spent in this place.
 C = Inter-level travel time spent in this place.
 D = Time resting spent in this place.
 E = Time spent auto-exploring this place.
 F = Levels seen in this place.
 G = Mean time per level.
                   A        B        C        D        E       F      G
               +--------+--------+--------+--------+--------+-----+--------+
         Total |   1879 |   1848 |     31 |      0 |   1588 |   2 |  939.5 |
       Dungeon |   1879 |   1848 |     31 |      0 |   1588 |   2 |  939.5 |
               +--------+--------+--------+--------+--------+-----+--------+

Top non-repeatable levels by time:
     D:1: 1328 daAuts
     D:2: 550 daAuts
